 Dungeon Crawl Stone Soup version 0.18-b1-22-ge198996 (webtiles) character file.

18376 Sand the Grappler (level 12, -23/114 HPs)
             Began as a Troll Warper on Apr 30, 2016.
             Was an Elder of Ashenzari.
             Annihilated by a minotaur
             ... wielding a +0 club
              (33 damage)
             ... in a labyrinth on May 3, 2016.
             The game lasted 01:31:13 (13659 turns).

Sand the Grappler (Troll Warper)                   Turns: 13659, Time: 01:31:14

Health: -23/114    AC: 11    Str: 22    XL:     12   Next: 27%
Magic:  7/12       EV: 11    Int: 13    God:    Ashenzari [****..]
Gold:   366        SH:  0    Dex:  9    Spells: 4 memorised, 5 levels left

rFire  . . .     SeeInvis +       - Unarmed
rCold  . . .     Gourm    +     a - +1 robe
rNeg   . . .     Faith    .     (no shield)
rPois  +         Spirit   .     (helmet restricted)
rElec  .         Dismiss  .     (no cloak)
rCorr  .         Reflect  .     (gloves unavailable)
SustAt .         Harm     .     (boots unavailable)
MR     .....     Clarity  +     (no amulet)
Stlth  +.........               U - +5 ring of protection
                                P - ring of poison resistance

@: not resistant to hostile enchantments, very unstealthy
A: unfitting armour, claws 3, fast metabolism 3, gourmand, regeneration 2,
shaggy fur 1, tough skin 2
a: Curse Item, Scrying, Renounce Religion


You were in a labyrinth.
You worshipped Ashenzari.
Ashenzari was greatly pleased with you.
You were not hungry.

You visited 2 branches of the dungeon, and saw 13 of its levels.
You also visited: Labyrinth and Ossuary.

You collected 686 gold pieces.
You spent 320 gold pieces at shops.

Inventory:

Missiles
 f - 4 large rocks
 s - 4 steel tomahawks
 w - 2 javelins (quivered)
 B - 8 poisoned needles
Armour
 a - a +1 robe (worn)
Jewellery
 k - an uncursed ring of protection from cold
 p - an uncursed ring of sustain attributes
 P - a ring of poison resistance (left claw)
 U - a +5 ring of protection (right claw)
Wands
 e - a wand of lightning (0/15)
 u - a wand of flame (5/48)
 H - a wand of digging (2/24)
 K - a wand of lightning (0/15)
 T - a wand of flame (35/48)
 V - a wand of iceblast (8/15)
 X - a wand of lightning (0/15)
 Y - a wand of iceblast (7/15)
 Z - a wand of iceblast (2/15)
Scrolls
 b - a scroll of magic mapping
 c - 4 scrolls of blinking
 d - a scroll of holy word {unknown}
 h - 4 scrolls of enchant armour
 j - 2 scrolls of amnesia
 l - a scroll of fear {unknown}
 m - a scroll of teleportation
 q - 11 scrolls of remove curse
 y - 2 scrolls of recharging {unknown}
 J - 2 scrolls of enchant weapon {unknown}
 W - a scroll of identify
Potions
 g - a potion of cancellation {unknown}
 i - 4 potions of flight
 n - a potion of invisibility {unknown}
 t - 8 potions of curing
 v - 2 potions of brilliance
 x - 4 potions of might
 z - a potion of mutation {unknown}
 A - a potion of heal wounds {unknown}
 D - a potion of resistance {unknown}
 L - a potion of berserk rage {unknown}
Comestibles
 o - 2 beef jerkies
 r - 6 meat rations
 G - 9 bread rations
 R - 3 slices of pizza


   Skills:
 - Level 6.1 Fighting
 + Level 7.0 Throwing
 - Level 6.1 Dodging
 + Level 13.2 Unarmed Combat
 - Level 1.2 Spellcasting
 - Level 7.3 Translocations


You had 5 spell levels left.
You knew the following spells:

 Your Spells              Type           Power        Failure   Level  Hunger
a - Apportation           Tloc           ###.......   1%          1    ##.....
b - Blink                 Tloc           N/A          1%          2    ###....
c - Shroud of Golubria    Chrm/Tloc      ##........   12%         2    ###....
d - Portal Projectile     Tloc           ###...       4%          3    ####...


Dungeon Overview and Level Annotations

Branches:
Dungeon (9/15)             Temple (0/1) D:6            Lair (4/8) D:9
  Snake (0/4) Lair:3
  Swamp: Lair:3-6    Shoals: Lair:3-6       Orc: D:9-12

Altars:
Ashenzari
Elyvilon
Makhleb
Nemelex Xobeh
Okawaru

Shops:
D:8 =

Annotations:
D:8 exclusion: sensed monster (detected)


Innate Abilities, Weirdness & Mutations

You are too large for most types of armour.
You have claws for hands.
Your metabolism is lightning-fast.
You like to eat raw meat.
You heal very quickly.
You are covered in fur (AC +1).
You have very tough skin (AC +2).


Message History

The minotaur gores you!
You claw the minotaur!
The minotaur is moderately wounded.
You closely miss the minotaur.
The minotaur furiously retaliates!
The minotaur headbutts you!
The minotaur is moderately wounded.
The minotaur hits you with a club! The minotaur gores you!
You barely miss the minotaur.
The minotaur is moderately wounded.
The minotaur hits you with a club!!
* * * LOW HITPOINT WARNING * * *
The minotaur gores you!
* * * LOW HITPOINT WARNING * * *
Throwing (i - inventory. (,) - cycle):
w - 3 javelins (quivered)
Press: ? - help, Shift-Dir - straight line, f/p - minotaur
Aim: a minotaur, wielding a club (moderately wounded)
You throw a javelin.
The javelin completely misses the minotaur.
The minotaur hits you with a club!!
You die...

#.# , * ,,*, *,
,*,,, *, , ,** , ,
.#, , * , ,, ,, ,
* #.*####,#####
*,*** ** .# #.,.#
...#, , , *,* , ,
.#.#,#.#
.#.#######.#,*** *
* .,.
.#.....#...#.(.<.#
, * #. .###,###
*##.#H# * * *,* .
# #.# ,,, #.@.# ,
, *#*#,#*#, *
#.###, * ** ,*
.,,*,, , *,#.# ,
*,* , ###.** * *
#.* * * ,* , ,*, ,
, #.# ,* ,, ,, , ,
,*, * **#.#, **, ,
* * * , , * ,..* *
,*, , ,* *,* , #.*
* * , ,,* , , ,* ,
*


You could see a minotaur.

Vanquished Creatures
  3 hydras
  A death yak (D:8)
  An ugly thing (D:9)
  A cyclops (D:9)
  A black mamba (Lair:2)
  Joseph (D:7)
  3 spiny frogs
  A rime drake (Lair:2)
  5 komodo dragons
  A troll (D:9)
  4 blink frogs (Lair:1)
  A two-headed ogre (D:8)
  Sigmund (D:4)
  17 yaks
  Eustachio (D:4)
  5 hungry ghosts
  4 hippogriffs
  3 nagas (Lair:3)
  6 water moccasins
  Edmund (D:4)
  The ghost of crawlian the Caller, an amateur DESu (D:5)
  5 porcupines
  Duvessa (D:4)
  A sky beast (D:5)
  3 orc warriors
  An ice beast (D:9)
  2 ogres
  3 wolves (Lair:1)
  3 centaurs
  5 crocodiles
  4 big kobolds
  6 giant frogs
  Dowan (D:4)
  4 scorpions
  5 wights (D:7)
  6 killer bees
  4 howler monkeys
  4 crimson imps
  A gnoll shaman (D:3)
  3 hounds
  3 jellies
  A quasit (D:9)
  3 giant frog zombies
  3 orc priests
  8 orc wizards
  7 iguanas
  Natasha (twice) (D:4)
  7 worker ants
  12 sheep
  2 hound skeletons
  13 mummies (Ossuary)
  8 gnolls
  12 adders
  12 river rats
  2 shadow imps (D:5)
  2 oozes (D:1)
  2 worms (D:3)
  A dart slug (D:5)
  4 giant geckos
  25 orcs
  4 bats
  6 giant cockroaches
  10 goblins
  9 hobgoblins
  2 jackals (D:8)
  3 quokkas
  9 giant newts
  A gnoll skeleton (Ossuary)
  4 goblin skeletons (Ossuary)
  12 kobolds
  3 kobold skeletons (Ossuary)
  3 quokka zombies
  5 rats
  11 rat skeletons (Ossuary)
335 creatures vanquished.

Notes
Turn   | Place    | Note
--------------------------------------------------------------
     0 | D:1      | Sand the Troll Warper began the quest for the Orb.
     0 | D:1      | Reached XP level 1. HP: 19/19 MP: 1/1
    53 | D:1      | Reached XP level 2. HP: 27/27 MP: 2/2
   128 | D:1      | Reached skill level 3 in Unarmed Combat
   157 | D:1      | Found a shattered altar of Ashenzari.
   161 | D:1      | Became a worshipper of Ashenzari the Shackled
   867 | D:1      | Reached XP level 3. HP: 33/33 MP: 3/3
  1252 | D:2      | Learned a level 2 spell: Blink
  1340 | D:2      | Reached skill level 4 in Unarmed Combat
  1676 | D:2      | Reached XP level 4. HP: 41/41 MP: 4/4
  1756 | D:3      | Learned a level 2 spell: Shroud of Golubria
  1788 | D:3      | Reached skill level 5 in Unarmed Combat
  1885 | D:2      | Reached XP level 5. HP: 42/48 MP: 5/5
  1957 | D:3      | Reached skill level 6 in Unarmed Combat
  1967 | D:3      | Reached * piety under Ashenzari
  2192 | D:3      | Reached skill level 1 in Throwing
  2279 | D:3      | Reached XP level 6. HP: 51/55 MP: 6/6
  2318 | D:4      | Found an iron altar of Okawaru.
  2368 | D:4      | Noticed Natasha
  2376 | D:4      | Killed Natasha
  2446 | D:4      | Noticed Duvessa
  2478 | D:4      | Noticed Dowan
  2479 | D:4      | Killed Duvessa
  2519 | D:4      | Noticed Natasha
  2531 | D:4      | Killed Natasha
  2531 | D:4      | Reached XP level 7. HP: 58/62 MP: 7/7
  2660 | D:4      | Killed Dowan
  2707 | D:4      | Found a white marble altar of Elyvilon.
  2798 | D:4      | Noticed Edmund
  2815 | D:4      | Killed Edmund
  2860 | D:4      | Noticed Eustachio
  2891 | D:4      | Killed Eustachio
  2969 | D:4      | Noticed Sigmund
  2992 | D:4      | Killed Sigmund
  2992 | D:4      | Reached XP level 8. HP: 49/70 MP: 2/8
  3259 | D:5      | Entered Level 5 of the Dungeon
  3271 | D:5      | Noticed crawlian's ghost (amateur DESu)
  3282 | D:5      | Killed crawlian's ghost
  3282 | D:5      | Reached skill level 5 in Translocations
  3482 | D:5      | Learned a level 3 spell: Portal Projectile
  3983 | D:5      | HP: 3/70 [orc warrior/long sword (18)]
  4235 | D:5      | Reached skill level 7 in Unarmed Combat
  4372 | D:6      | Reached ** piety under Ashenzari
  4462 | D:6      | Reached XP level 9. HP: 76/76 MP: 3/9
  4466 | D:6      | Reached skill level 8 in Unarmed Combat
  4480 | D:6      | Found a sparkling altar of Nemelex Xobeh.
  4742 | D:6      | Found a staircase to the Ecumenical Temple.
  4937 | D:7      | Reached skill level 9 in Unarmed Combat
  4939 | D:7      | Noticed Joseph
  5072 | D:6      | Reached skill level 10 in Unarmed Combat
  5279 | D:7      | Killed Joseph
  5431 | D:7      | Reached XP level 10. HP: 74/91 MP: 7/10
  5596 | D:7      | Identified the Compendium of Creation and Earth
  6056 | D:8      | Found a sand-covered staircase.
  6062 | Ossuary  | Entered an ossuary
  6467 | D:8      | Reached skill level 5 in Dodging
  6492 | D:8      | Reached skill level 5 in Fighting
  6614 | D:8      | Found Alintock's Jewellery Boutique.
  6619 | D:8      | Bought an uncursed ring of poison resistance for 320 gold pieces
  7135 | D:9      | Found a staircase to the Lair.
  7153 | D:9      | Noticed a death yak
  7165 | D:9      | Noticed a cyclops
  7221 | D:8      | Killed a death yak
  7245 | D:9      | Killed a cyclops
  7459 | D:9      | Reached *** piety under Ashenzari
  7588 | D:9      | Noticed a green ugly thing
  7598 | D:9      | Killed a green ugly thing
  7598 | D:9      | Reached XP level 11. HP: 84/105 MP: 9/11
  7732 | D:9      | Found a burning altar of Makhleb.
  7963 | Lair:1   | Entered Level 1 of the Lair of Beasts
  8147 | Lair:1   | Reached skill level 11 in Unarmed Combat
 10137 | Lair:2   | Noticed a five-headed hydra
 10144 | Lair:2   | Killed a five-headed hydra
 10144 | Lair:2   | Reached skill level 12 in Unarmed Combat
 10812 | Lair:2   | Reached skill level 5 in Throwing
 11637 | Lair:3   | Reached XP level 12. HP: 106/114 MP: 0/12
 11653 | Lair:3   | Found a staircase to the Snake Pit.
 11663 | Lair:3   | Noticed an eight-headed hydra
 11801 | Lair:2   | Noticed a five-headed hydra
 11812 | Lair:2   | Upgraded the game from 0.18-b1-14-g029dad2 to 0.18-b1-22-ge198996
 11823 | Lair:2   | HP: 1/114 [seven-headed hydra (8)]
 11824 | Lair:2   | Killed a seven-headed hydra
 12161 | Lair:3   | Killed an eight-headed hydra
 12161 | Lair:3   | Reached skill level 13 in Unarmed Combat
 12249 | Lair:3   | Reached **** piety under Ashenzari
 12618 | Lair:4   | Found a labyrinth entrance.
 12627 | Lab      | Entered a labyrinth
 13651 | Lab      | Noticed a minotaur
 13659 | Lab      | Annihilated by a minotaur

Skill      XL: |  1  2  3  4  5  6  7  8  9 10 11 12 |
---------------+-------------------------------------+-----
Unarmed Combat | 3 4 5 6 7 10 12 13 | 13.2
Throwing       | 1 3 4 6 7 |  7.0
Translocations | 4 6 7 |  7.3
Fighting       | 3 6 |  6.1
Dodging        | 3 6 |  6.1
Spellcasting   | |  1.2

Action                   |  1- 3 |  4- 6 |  7- 9 | 10-12 || total
-------------------------+-------+-------+-------+-------++-------
Melee: Unarmed           |    83 |   146 |   353 |   679 ||  1261
       Punch             |     1 |     2 |    16 |    27 ||    46
Throw: Tomahawk          |       |     2 |     3 |     4 ||     9
       Javelin           |       |       |    16 |    52 ||    68
       Large rock        |       |       |       |    33 ||    33
 Cast: Shroud of Golubri |       |    10 |    31 |    57 ||    98
       Portal Projectile |       |       |     3 |    11 ||    14
       Blink             |       |       |     1 |    22 ||    23
Evoke: Wand              |       |       |       |    22 ||    22
  Use: Scroll            |     2 |       |     7 |     4 ||    13
       Potion            |       |       |       |     2 ||     2
  Eat: Chunk             |    21 |     9 |    29 |    74 ||   133
       Fruit             |       |       |       |    12 ||    12
       Pizza             |       |       |       |     4 ||     4
Armor: Robe              |    32 |    61 |    95 |   205 ||   393
Dodge: Dodged            |    29 |    65 |   136 |   285 ||   515
